2906 views
Uploaded 2020-02-05 20:35:21
Game version 1.32 / 1.32.1
21:39 long 3on3 ladder game on (6)StranglethornVale
Saved by BEARAND
2906 views
Uploaded 2020-02-05 20:35:21
Game version 1.32 / 1.32.1
21:39 long 3on3 ladder game on (6)StranglethornVale


70 units @ 6.1k
/ 0.4k
160 buildings @ 10.7k
/ 5.7k
BEARAND
(21:38) : 


| Scroll of Regeneration | 2 | 200 |
| Staff of Sanctuary | 3 | 750 |
| Boots of Speed | 3 | 750 |
| Staff of Teleportation | 3 | 450 |
| Periapt of Vitality | 1 | 325 |
| Orb of Lightning | 2 | 750 |
| Healing Salve | 1 | 100 |
| total: | 15 | 3325g |
| Peasant | 13 | 975 | / | 0 |
| Priest | 1 | 135 | / | 10 |
| total: | 14 | 1110g | / | 10w |
| Scout Tower | 27 | 810 | / | 540 |
| Arcane Tower | 2 | 140 | / | 100 |
| Guard Tower | 19 | 1330 | / | 950 |
| Altar of Kings | 1 | 180 | / | 50 |
| Farm | 4 | 320 | / | 80 |
| Lumber Mill | 1 | 120 | / | 0 |
| Arcane Vault | 2 | 260 | / | 60 |
| Town Hall | 1 | 385 | / | 205 |
| Arcane Sanctum | 1 | 150 | / | 140 |
| Keep | 1 | 320 | / | 210 |
| Castle | 1 | 360 | / | 210 |
| total: | 37 | 2225g | / | 1075w |
| 0:01 | Peasant |
| 0:01 | Peasant |
| 0:07 | Altar of Kings |
| 0:13 | Peasant |
| 0:17 | Farm |
| 0:21 | Peasant |
| 0:29 | Peasant |
| 0:31 | Farm |
| 0:37 | Scout Tower |
| 0:49 | Peasant |
| 1:04 | Lumber Mill |
| 1:22 | Scout Tower |
| 1:24 | Peasant |
| 1:25 | Peasant |
| 1:37 | Arcane Tower |
| 1:38 | Peasant |
| 1:56 | Scout Tower |
| 1:57 | Peasant |
| 2:05 | Blizzard |
| 2:09 | Guard Tower |
| 2:18 | Peasant |
| 2:21 | Peasant |
| 2:24 | Scout Tower |
| 2:51 | Peasant |
| 2:52 | Guard Tower |
| 2:53 | Scout Tower |
| 2:53 | Scout Tower |
| 3:15 | Guard Tower |
| 3:17 | Keep |
| 3:21 | Farm |
| 3:22 | Farm |
| 3:26 | Guard Tower |
| 3:52 | Guard Tower |
| 3:54 | Scout Tower |
| 3:55 | Scout Tower |
| 3:56 | Scout Tower |
| 3:56 | Scout Tower |
| 3:56 | Scout Tower |
| 3:57 | Scout Tower |
| 4:09 | Improved Masonry |
| 4:21 | Arcane Vault |
| 4:45 | Boots of Speed |
| 5:09 | Guard Tower |
| 5:11 | Scout Tower |
| 5:11 | Scout Tower |
| 5:12 | Scout Tower |
| 5:12 | Scout Tower |
| 6:23 | Staff of Teleportation |
| 6:41 | Boots of Speed |
| 6:50 | Guard Tower |
| 7:07 | Arcane Sanctum |
| 7:08 | Storm Bolt |
| 7:46 | Brilliance Aura |
| 7:47 | Guard Tower |
| 7:48 | Guard Tower |
| 7:58 | Town Hall |
| 8:07 | Scout Tower |
| 8:07 | Scout Tower |
| 8:08 | Scout Tower |
| 8:25 | Scout Tower |
| 8:29 | Magic Sentry |
| 8:54 | Castle |
| 8:59 | Guard Tower |
| 9:16 | Scroll of Regeneration |
| 9:27 | Guard Tower |
| 9:28 | Guard Tower |
| 9:30 | Arcane Tower |
| 9:33 | Scout Tower |
| 9:52 | Staff of Teleportation |
| 10:06 | Guard Tower |
| 10:32 | Bash |
| 10:47 | Priest |
| 10:54 | Scout Tower |
| 10:56 | Arcane Vault |
| 10:57 | Scout Tower |
| 10:57 | Scout Tower |
| 10:58 | Scout Tower |
| 10:58 | Scout Tower |
| 10:59 | Scout Tower |
| 11:12 | Scroll of Regeneration |
| 11:14 | Orb of Lightning |
| 11:15 | Healing Salve |
| 11:22 | Advanced Masonry |
| 11:23 | Improved Lumber Harvesting |
| 11:26 | Staff of Sanctuary |
| 12:04 | Staff of Sanctuary |
| 12:40 | Holy Light |
| 13:09 | Boots of Speed |
| 13:09 | Staff of Teleportation |
| 13:11 | Periapt of Vitality |
| 13:47 | Blizzard |
| 14:10 | Orb of Lightning |
| 14:20 | Staff of Sanctuary |
| 14:30 | Guard Tower |
| 16:02 | Storm Bolt |
| 17:45 | Divine Shield |
| 20:12 | Bash |
| 20:12 | Holy Light |
| 20:51 | Brilliance Aura |
| Right click | 1695 |
| Select | 486 |
| Select group | 341 |
| Chat | 188 |
| Build/train/purchase | 91 |
| Use ability | 65 |
| Resource trade | 10 |
| Misc. action | 8 |
| Assign group | 7 |
| Minimap ping | 7 |
| Item give/drop | 5 |
| Esc | 2 |



| Staff of Sanctuary | 3 | 750 |
| Staff of Teleportation | 2 | 300 |
| Boots of Speed | 3 | 750 |
| Circlet of Nobility | 1 | 175 |
| Healing Salve | 1 | 100 |
| Orb of Lightning | 3 | 1125 |
| total: | 13 | 3200g |
| Peasant | 29 | 2175 | / | 0 |
| Priest | 1 | 135 | / | 10 |
| total: | 30 | 2310g | / | 10w |
| Scout Tower | 76 | 2280 | / | 1520 |
| Arcane Tower | 4 | 280 | / | 200 |
| Guard Tower | 39 | 2730 | / | 1950 |
| Altar of Kings | 1 | 180 | / | 50 |
| Farm | 6 | 480 | / | 120 |
| Lumber Mill | 1 | 120 | / | 0 |
| Arcane Vault | 2 | 260 | / | 60 |
| Arcane Sanctum | 1 | 150 | / | 140 |
| Keep | 2 | 640 | / | 420 |
| Castle | 1 | 360 | / | 210 |
| total: | 87 | 3470g | / | 1890w |
| 0:04 | Peasant |
| 0:05 | Peasant |
| 0:11 | Altar of Kings |
| 0:14 | Farm |
| 0:41 | Lumber Mill |
| 0:42 | Peasant |
| 0:49 | Peasant |
| 0:55 | Scout Tower |
| 0:57 | Peasant |
| 1:09 | Farm |
| 1:13 | Peasant |
| 1:14 | Peasant |
| 1:28 | Peasant |
| 1:29 | Arcane Tower |
| 1:45 | Peasant |
| 1:46 | Peasant |
| 1:52 | Farm |
| 1:56 | Peasant |
| 2:02 | Scout Tower |
| 2:04 | Peasant |
| 2:10 | Blizzard |
| 2:35 | Guard Tower |
| 2:36 | Scout Tower |
| 2:39 | Scout Tower |
| 3:15 | Guard Tower |
| 3:16 | Scout Tower |
| 3:18 | Improved Masonry |
| 3:19 | Peasant |
| 3:19 | Peasant |
| 3:21 | Arcane Tower |
| 3:35 | Scout Tower |
| 3:36 | Scout Tower |
| 3:44 | Guard Tower |
| 3:46 | Scout Tower |
| 3:49 | Scout Tower |
| 4:02 | Peasant |
| 4:02 | Peasant |
| 4:21 | Staff of Teleportation |
| 4:21 | Boots of Speed |
| 5:01 | Guard Tower |
| 5:03 | Scout Tower |
| 5:08 | Keep |
| 5:19 | Healing Salve |
| 5:31 | Guard Tower |
| 5:36 | Scout Tower |
| 5:37 | Scout Tower |
| 5:47 | Scout Tower |
| 5:51 | Scout Tower |
| 6:01 | Scout Tower |
| 6:02 | Scout Tower |
| 6:06 | Farm |
| 6:09 | Guard Tower |
| 6:21 | Guard Tower |
| 6:54 | Guard Tower |
| 6:58 | Scout Tower |
| 7:00 | Scout Tower |
| 7:03 | Scout Tower |
| 7:09 | Brilliance Aura |
| 7:28 | Guard Tower |
| 7:42 | Guard Tower |
| 7:52 | Advanced Masonry |
| 8:12 | Scout Tower |
| 8:12 | Scout Tower |
| 8:19 | Scout Tower |
| 8:20 | Scout Tower |
| 8:27 | Arcane Sanctum |
| 8:37 | Arcane Vault |
| 8:41 | Guard Tower |
| 8:46 | Guard Tower |
| 8:48 | Scout Tower |
| 8:54 | Scout Tower |
| 8:58 | Storm Bolt |
| 9:06 | Improved Lumber Harvesting |
| 9:22 | Scout Tower |
| 9:25 | Guard Tower |
| 9:29 | Peasant |
| 9:29 | Peasant |
| 9:34 | Guard Tower |
| 9:48 | Guard Tower |
| 10:05 | Castle |
| 10:08 | Magic Sentry |
| 10:20 | Scout Tower |
| 10:20 | Scout Tower |
| 10:21 | Scout Tower |
| 10:23 | Scout Tower |
| 10:32 | Priest |
| 10:35 | Arcane Tower |
| 10:51 | Guard Tower |
| 11:15 | Priest Adept Training |
| 11:23 | Farm |
| 11:27 | Scout Tower |
| 11:41 | Scout Tower |
| 11:43 | Scout Tower |
| 11:46 | Scout Tower |
| 11:48 | Scout Tower |
| 11:54 | Guard Tower |
| 11:56 | Scout Tower |
| 12:17 | Guard Tower |
| 12:20 | Scout Tower |
| 12:22 | Scout Tower |
| 12:26 | Guard Tower |
| 12:29 | Scout Tower |
| 12:30 | Scout Tower |
| 12:37 | Peasant |
| 12:37 | Peasant |
| 12:37 | Peasant |
| 12:38 | Peasant |
| 12:42 | Advanced Lumber Harvesting |
| 12:53 | Guard Tower |
| 12:57 | Guard Tower |
| 13:05 | Staff of Sanctuary |
| 13:17 | Orb of Lightning |
| 13:30 | Scout Tower |
| 13:31 | Scout Tower |
| 13:32 | Scout Tower |
| 13:33 | Scout Tower |
| 13:36 | Scout Tower |
| 13:41 | Holy Light |
| 13:43 | Boots of Speed |
| 13:49 | Guard Tower |
| 13:54 | Arcane Vault |
| 14:41 | Guard Tower |
| 14:58 | Scout Tower |
| 14:59 | Scout Tower |
| 15:03 | Peasant |
| 15:05 | Farm |
| 15:08 | Guard Tower |
| 15:10 | Priest Master Training |
| 15:23 | Imbued Masonry |
| 15:44 | Guard Tower |
| 15:47 | Scout Tower |
| 15:48 | Scout Tower |
| 15:54 | Scout Tower |
| 15:55 | Scout Tower |
| 16:19 | Scout Tower |
| 16:20 | Scout Tower |
| 16:22 | Guard Tower |
| 16:24 | Peasant |
| 16:24 | Peasant |
| 16:24 | Peasant |
| 16:25 | Peasant |
| 16:50 | Guard Tower |
| 16:51 | Scout Tower |
| 16:52 | Scout Tower |
| 16:53 | Scout Tower |
| 17:11 | Guard Tower |
| 17:13 | Scout Tower |
| 17:14 | Scout Tower |
| 17:17 | Guard Tower |
| 17:20 | Scout Tower |
| 17:21 | Scout Tower |
| 17:25 | Peasant |
| 17:25 | Peasant |
| 17:35 | Orb of Lightning |
| 17:37 | Staff of Sanctuary |
| 17:41 | Staff of Sanctuary |
| 18:16 | Guard Tower |
| 18:24 | Circlet of Nobility |
| 18:24 | Boots of Speed |
| 18:24 | Staff of Teleportation |
| 18:56 | Scout Tower |
| 18:57 | Scout Tower |
| 18:58 | Scout Tower |
| 19:00 | Blizzard |
| 19:14 | Scout Tower |
| 19:15 | Scout Tower |
| 19:15 | Scout Tower |
| 19:39 | Guard Tower |
| 19:42 | Arcane Tower |
| 19:44 | Guard Tower |
| 19:48 | Scout Tower |
| 19:49 | Scout Tower |
| 19:51 | Scout Tower |
| 20:01 | Guard Tower |
| 20:17 | Guard Tower |
| 20:20 | Scout Tower |
| 20:21 | Scout Tower |
| 20:21 | Scout Tower |
| 20:23 | Orb of Lightning |
| 20:27 | Guard Tower |
| 20:32 | Scout Tower |
| 20:36 | Scout Tower |
| 20:39 | Scout Tower |
| 21:14 | Guard Tower |
| 21:17 | Guard Tower |
| 21:37 | Scout Tower |
| Right click | 934 |
| Select group | 652 |
| Select | 288 |
| Build/train/purchase | 122 |
| Use ability | 42 |
| Misc. action | 28 |
| Assign group | 8 |
| Esc | 8 |
| Item give/drop | 5 |
| Minimap ping | 1 |
IcebergSlim
(21:38) : 

x1)
| Healing Salve | 3 | 300 |
| Orb of Lightning | 1 | 375 |
| Boots of Speed | 2 | 500 |
| Staff of Teleportation | 2 | 300 |
| Tome of Retraining | 1 | 300 |
| total: | 9 | 1775g |
| Peon | 17 | 1275 | / | 0 |
| Troll Batrider | 9 | 1440 | / | 360 |
| total: | 26 | 2715g | / | 360w |
| Watch Tower | 22 | 2420 | / | 1760 |
| Altar of Storms | 1 | 180 | / | 50 |
| Orc Burrow | 3 | 480 | / | 120 |
| War Mill | 1 | 205 | / | 0 |
| Voodoo Lounge | 5 | 650 | / | 150 |
| Great Hall | 2 | 770 | / | 370 |
| Beastiary | 2 | 290 | / | 280 |
| Stronghold | 1 | 315 | / | 190 |
| Fortress | 1 | 325 | / | 190 |
| total: | 36 | 4995g | / | 2730w |
| 0:02 | Peon |
| 0:02 | Peon |
| 0:06 | Altar of Storms |
| 0:18 | Orc Burrow |
| 0:28 | Peon |
| 0:35 | Peon |
| 0:49 | War Mill |
| 0:53 | Peon |
| 1:06 | Voodoo Lounge |
| 1:13 | Peon |
| 1:27 | Peon |
| 1:37 | Orc Burrow |
| 1:47 | Peon |
| 2:08 | Watch Tower |
| 2:13 | Healing Salve |
| 2:16 | Peon |
| 2:30 | Watch Tower |
| 2:40 | Mirror Image |
| 2:46 | Peon |
| 2:51 | Watch Tower |
| 3:02 | Peon |
| 3:13 | Peon |
| 3:25 | Watch Tower |
| 4:02 | Stronghold |
| 4:05 | Watch Tower |
| 4:16 | Boots of Speed |
| 4:17 | Staff of Teleportation |
| 4:33 | Spiked Barricades |
| 4:49 | Orc Burrow |
| 4:55 | Voodoo Lounge |
| 4:59 | Voodoo Lounge |
| 5:53 | Watch Tower |
| 5:58 | Watch Tower |
| 6:41 | Beastiary |
| 6:45 | Beastiary |
| 6:47 | Reinforced Defenses |
| 6:50 | Watch Tower |
| 7:09 | Voodoo Lounge |
| 7:22 | Hex |
| 7:39 | Tome of Retraining |
| 7:39 | Retrain Hero |
| 7:41 | Wind Walk |
| 7:51 | Fortress |
| 7:56 | Critical Strike |
| 8:42 | Healing Salve |
| 8:55 | Boots of Speed |
| 8:56 | Staff of Teleportation |
| 9:05 | Watch Tower |
| 9:07 | Watch Tower |
| 9:17 | Watch Tower |
| 9:36 | Troll Batrider |
| 10:00 | Healing Wave |
| 10:22 | Liquid Fire |
| 10:25 | Great Hall |
| 10:26 | Watch Tower |
| 10:55 | Orb of Lightning |
| 11:16 | Peon |
| 11:16 | Peon |
| 11:19 | Troll Batrider |
| 11:42 | Steel Ranged Weapons |
| 11:44 | Troll Batrider |
| 12:31 | Watch Tower |
| 12:35 | Watch Tower |
| 12:40 | Troll Batrider |
| 13:28 | Healing Salve |
| 13:41 | Wind Walk |
| 13:55 | Watch Tower |
| 13:57 | Great Hall |
| 14:23 | Thorium Ranged Weapons |
| 15:06 | Watch Tower |
| 15:34 | Watch Tower |
| 16:14 | Watch Tower |
| 16:26 | Watch Tower |
| 16:28 | Watch Tower |
| 16:31 | Peon |
| 16:31 | Peon |
| 16:31 | Peon |
| 16:33 | Troll Batrider |
| 16:41 | Arcanite Ranged Weapons |
| 17:34 | Healing Wave |
| 17:42 | Watch Tower |
| 18:21 | Troll Batrider |
| 19:00 | Troll Batrider |
| 19:14 | Troll Batrider |
| 19:30 | Steel Armor |
| 19:31 | Improved Spiked Barricades |
| 20:16 | Voodoo Lounge |
| 21:00 | Watch Tower |
| 21:18 | Troll Batrider |
| 21:31 | Critical Strike |
| Right click | 1392 |
| Select | 393 |
| Select group | 297 |
| Misc. action | 76 |
| Build/train/purchase | 75 |
| Use ability | 37 |
| Chat | 16 |
| Assign group | 14 |
| Minimap ping | 6 |
| Resource trade | 6 |
| Esc | 2 |
| Item give/drop | 1 |
111 units @ 15.9k
/ 2.5k
52 buildings @ 8.2k
/ 3.8k


| Potion of Healing | 1 | 150 |
| total: | 1 | 150g |
| Peon | 8 | 600 | / | 0 |
| Troll Headhunter | 10 | 1400 | / | 200 |
| Kodo Beast | 1 | 255 | / | 60 |
| Raider | 3 | 540 | / | 120 |
| Troll Batrider | 6 | 960 | / | 240 |
| Troll Berserker | 2 | 280 | / | 40 |
| Goblin Shredder | 1 | 375 | / | 100 |
| total: | 31 | 4410g | / | 760w |
| Watch Tower | 6 | 660 | / | 480 |
| Altar of Storms | 1 | 180 | / | 50 |
| Orc Burrow | 4 | 640 | / | 160 |
| War Mill | 1 | 205 | / | 0 |
| Barracks | 1 | 180 | / | 50 |
| Voodoo Lounge | 1 | 130 | / | 30 |
| Beastiary | 1 | 145 | / | 140 |
| Spirit Lodge | 1 | 150 | / | 150 |
| Stronghold | 1 | 315 | / | 190 |
| Fortress | 1 | 325 | / | 190 |
| total: | 16 | 2290g | / | 1060w |
| 0:13 | Altar of Storms |
| 0:16 | Orc Burrow |
| 0:18 | Peon |
| 0:18 | Peon |
| 0:18 | Peon |
| 0:54 | War Mill |
| 1:10 | Barracks |
| 1:42 | Peon |
| 1:42 | Peon |
| 1:57 | Orc Burrow |
| 2:18 | War Stomp |
| 2:20 | Troll Headhunter |
| 2:32 | Peon |
| 3:09 | Troll Headhunter |
| 3:09 | Troll Headhunter |
| 4:04 | Troll Headhunter |
| 4:04 | Troll Headhunter |
| 4:04 | Troll Headhunter |
| 4:12 | Watch Tower |
| 4:29 | Peon |
| 5:28 | Steel Ranged Weapons |
| 5:39 | Peon |
| 5:48 | Watch Tower |
| 6:53 | Goblin Shredder |
| 7:06 | Orc Burrow |
| 7:32 | Stronghold |
| 8:12 | Voodoo Lounge |
| 8:17 | Shockwave |
| 8:52 | Troll Headhunter |
| 8:52 | Troll Headhunter |
| 9:13 | Orc Burrow |
| 9:29 | Spiked Barricades |
| 9:54 | Troll Regeneration |
| 10:23 | Potion of Healing |
| 10:39 | Thorium Ranged Weapons |
| 11:41 | Beastiary |
| 12:17 | Troll Headhunter |
| 12:17 | Troll Headhunter |
| 12:30 | Fortress |
| 12:52 | Kodo Beast |
| 13:26 | Spirit Lodge |
| 14:26 | Improved Spiked Barricades |
| 14:37 | Watch Tower |
| 14:40 | Watch Tower |
| 14:47 | Watch Tower |
| 14:53 | Healing Wave |
| 15:11 | Berserker Upgrade |
| 16:00 | Arcanite Ranged Weapons |
| 18:11 | Raider |
| 18:12 | Raider |
| 18:12 | Raider |
| 18:34 | Troll Batrider |
| 18:34 | Troll Batrider |
| 18:35 | Troll Batrider |
| 18:35 | Troll Batrider |
| 19:23 | Liquid Fire |
| 19:41 | Watch Tower |
| 19:43 | Reinforced Defenses |
| 20:39 | Troll Batrider |
| 20:40 | Troll Batrider |
| 21:21 | Troll Berserker |
| 21:21 | Troll Berserker |
| Right click | 577 |
| Select | 315 |
| Build/train/purchase | 57 |
| Minimap ping | 8 |
| Use ability | 7 |
| Remove unit | 4 |
| Misc. action | 1 |
| Esc | 1 |


| Rod of Necromancy | 1 | 150 |
| Sacrificial Skull | 1 | 50 |
| Orb of Corruption | 1 | 375 |
| Potion of Mana | 1 | 200 |
| total: | 4 | 775g |
| Acolyte | 9 | 675 | / | 0 |
| Ghoul | 11 | 1320 | / | 0 |
| Gargoyle | 4 | 700 | / | 120 |
| Abomination | 8 | 1920 | / | 560 |
| Meat Wagon | 6 | 1380 | / | 300 |
| Crypt Fiend | 2 | 430 | / | 80 |
| total: | 40 | 6425g | / | 1060w |
| Nerubian Tower | 1 | 100 | / | 20 |
| Spirit Tower | 2 | 290 | / | 80 |
| Crypt | 1 | 200 | / | 50 |
| Ziggurat | 7 | 1050 | / | 350 |
| Altar of Darkness | 1 | 180 | / | 50 |
| Tomb of Relics | 2 | 260 | / | 60 |
| Graveyard | 2 | 430 | / | 0 |
| Necropolis | 1 | 225 | / | 0 |
| Sacrificial Pit | 1 | 75 | / | 150 |
| Slaughterhouse | 4 | 560 | / | 540 |
| Temple of the Damned | 1 | 155 | / | 140 |
| Halls of the Dead | 1 | 320 | / | 210 |
| Black Citadel | 1 | 325 | / | 230 |
| total: | 20 | 3135g | / | 1340w |
| 0:04 | Acolyte |
| 0:10 | Crypt |
| 0:13 | Ziggurat |
| 0:15 | Acolyte |
| 0:34 | Altar of Darkness |
| 0:54 | Tomb of Relics |
| 1:01 | Acolyte |
| 1:12 | Ghoul |
| 1:26 | Ziggurat |
| 1:36 | Ghoul |
| 1:48 | Ghoul |
| 1:55 | Cannibalize |
| 2:19 | Nerubian Tower |
| 2:27 | Graveyard |
| 2:56 | Acolyte |
| 2:56 | Acolyte |
| 2:58 | Carrion Swarm |
| 3:30 | Acolyte |
| 3:32 | Acolyte |
| 4:10 | Halls of the Dead |
| 4:26 | Vampiric Aura |
| 4:45 | Ghoul |
| 4:45 | Ghoul |
| 4:46 | Ghoul |
| 5:10 | Ghoul |
| 5:15 | Ziggurat |
| 5:58 | Ghoul |
| 5:58 | Ghoul |
| 6:02 | Spirit Tower |
| 6:22 | Rod of Necromancy |
| 6:23 | Sacrificial Skull |
| 6:35 | Sacrificial Pit |
| 6:37 | Acolyte |
| 7:01 | Gargoyle |
| 7:02 | Gargoyle |
| 7:20 | Carrion Swarm |
| 7:35 | Ziggurat |
| 8:13 | Necropolis |
| 8:35 | Black Citadel |
| 8:37 | Slaughterhouse |
| 8:40 | Slaughterhouse |
| 8:42 | Slaughterhouse |
| 9:14 | Ziggurat |
| 9:31 | Ghoul |
| 9:31 | Ghoul |
| 10:23 | Gargoyle |
| 10:23 | Gargoyle |
| 10:59 | Abomination |
| 11:03 | Disease Cloud |
| 11:37 | Death Coil |
| 11:41 | Orb of Corruption |
| 12:03 | Acolyte |
| 12:09 | Temple of the Damned |
| 12:35 | Web |
| 12:41 | Ziggurat |
| 13:00 | Abomination |
| 13:06 | Unholy Strength |
| 13:34 | Abomination |
| 13:58 | Abomination |
| 14:56 | Abomination |
| 15:50 | Abomination |
| 16:00 | Spirit Tower |
| 16:29 | Abomination |
| 16:48 | Potion of Mana |
| 17:20 | Meat Wagon |
| 17:33 | Meat Wagon |
| 18:01 | Tomb of Relics |
| 18:07 | Graveyard |
| 18:20 | Meat Wagon |
| 19:02 | Meat Wagon |
| 19:50 | Abomination |
| 19:53 | Meat Wagon |
| 19:59 | Slaughterhouse |
| 20:29 | Meat Wagon |
| 20:34 | Crypt Fiend |
| 20:35 | Crypt Fiend |
| 21:04 | Ziggurat |
| Right click | 882 |
| Select | 373 |
| Build/train/purchase | 70 |
| Use ability | 18 |
| Misc. action | 1 |
| Item give/drop | 1 |
| Remove unit | 1 |


| Rod of Necromancy | 1 | 150 |
| total: | 1 | 150g |
| Wisp | 20 | 1200 | / | 0 |
| Archer | 3 | 390 | / | 30 |
| Huntress | 4 | 780 | / | 80 |
| Hippogryph | 8 | 1280 | / | 160 |
| Mountain Giant | 2 | 700 | / | 200 |
| Druid of the Claw | 3 | 765 | / | 240 |
| total: | 40 | 5115g | / | 710w |
| Altar of Elders | 1 | 180 | / | 50 |
| Ancient of War | 2 | 300 | / | 120 |
| Moon Well | 5 | 900 | / | 200 |
| Hunter's Hall | 1 | 210 | / | 100 |
| Tree of Life | 1 | 340 | / | 185 |
| Ancient of Wonders | 1 | 90 | / | 30 |
| Ancient of Lore | 3 | 465 | / | 435 |
| Ancient of Wind | 2 | 300 | / | 280 |
| Tree of Ages | 1 | 320 | / | 180 |
| Tree of Eternity | 1 | 330 | / | 200 |
| total: | 16 | 2785g | / | 1400w |
| 0:06 | Wisp |
| 0:07 | Wisp |
| 0:17 | Altar of Elders |
| 0:19 | Ancient of War |
| 0:27 | Moon Well |
| 0:45 | Wisp |
| 0:45 | Wisp |
| 1:18 | Wisp |
| 1:18 | Wisp |
| 1:18 | Wisp |
| 1:18 | Wisp |
| 1:18 | Wisp |
| 1:19 | Wisp |
| 1:37 | Archer |
| 1:50 | Moon Well |
| 2:26 | Hunter's Hall |
| 2:54 | Entangling Roots |
| 2:57 | Archer |
| 2:57 | Archer |
| 3:05 | Ancient of War |
| 4:25 | Rod of Necromancy |
| 4:31 | Huntress |
| 4:38 | Moon Well |
| 4:42 | Tree of Ages |
| 4:46 | Ultravision |
| 5:18 | Sentinel |
| 5:45 | Moon Armor |
| 5:55 | Huntress |
| 6:01 | Moon Well |
| 6:21 | Thorns Aura |
| 6:35 | Huntress |
| 6:39 | Huntress |
| 7:40 | Tree of Life |
| 7:48 | Tree of Eternity |
| 8:03 | Ancient of Lore |
| 8:26 | Entangling Roots |
| 10:27 | Wisp |
| 10:27 | Wisp |
| 10:28 | Wisp |
| 10:35 | Ancient of Wind |
| 10:38 | Strength of the Wild |
| 10:45 | Ancient of Wind |
| 10:49 | Moon Well |
| 11:44 | Hippogryph |
| 11:47 | Druid of the Claw Adept Training |
| 11:50 | Hippogryph |
| 11:58 | Ancient of Wonders |
| 12:01 | Hippogryph |
| 12:35 | Improved Strength of the Wild |
| 12:41 | Wisp |
| 12:41 | Wisp |
| 13:55 | Hippogryph |
| 13:55 | Hippogryph |
| 14:00 | Mountain Giant |
| 14:08 | Trueshot Aura |
| 14:33 | Reinforced Hides |
| 14:38 | Wisp |
| 14:38 | Wisp |
| 14:39 | Wisp |
| 14:39 | Wisp |
| 14:41 | Wisp |
| 15:13 | Mountain Giant |
| 15:49 | Ancient of Lore |
| 16:36 | Druid of the Claw Master Training |
| 16:44 | Ancient of Lore |
| 16:46 | Hippogryph |
| 18:00 | Druid of the Claw |
| 18:53 | Druid of the Claw |
| 18:53 | Druid of the Claw |
| 19:16 | Hippogryph |
| 19:16 | Hippogryph |
| Right click | 281 |
| Select | 205 |
| Select group | 190 |
| Build/train/purchase | 71 |
| Chat | 42 |
| Assign group | 29 |
| Use ability | 29 |
| Misc. action | 10 |
| Item give/drop | 2 |
| Remove unit | 1 |
| Esc | 1 |
โ